 Dungeon Crawl Stone Soup version 0.30.0-19-g36f170ea60 (webtiles) character file.

Game seed: 14727480545731207268

0 monsoonserge the Chopper (level 1, 17/17 HPs)
             Began as a Gnoll Wanderer on May 31, 2023.
             Quit the game on level 1 of the Dungeon.
             The game lasted 00:00:35 (13 turns).

monsoonserge the Chopper (Gnoll Wanderer)             Turns: 13, Time: 00:00:35

Health: 17/17      AC:  3    Str: 14    XL:     1   Next: 10%
Magic:  1/1        EV: 11    Int:  9    God:
Gold:   0          SH:  0    Dex: 10    Spells: 0/0 levels left

rFire   . . .        a - +2 sling
rCold   . . .        (no shield)
rNeg    . . .        e - +0 leather armour
rPois   .            (no helmet)
rElec   .            (no cloak)
rCorr   .            (no gloves)
SInv    .            (no boots)
Will    .....        (no amulet)
Stlth   ++           (no ring)
HPRegen 0.22/turn    (no ring)
MPRegen 0.07/turn

%: no passive effects
@: no status effects
A: fangs 1, strong nose, distributed training
a: no special abilities


You were on level 1 of the Dungeon.
You visited 1 branch of the dungeon, and saw 1 of its levels.

Inventory:

Hand Weapons
 a - a +2 sling (weapon)
 b - a +0 hand axe
Armour
 e - a +0 leather armour (worn)
Wands
 c - a wand of polymorph (4)
Scrolls
 d - a scroll of fog


   Skills:
 + Level 2.3 Fighting
 + Level 0.0 Short Blades
 + Level 0.0 Long Blades
 + Level 6.4 Axes
 + Level 0.0 Maces & Flails
 + Level 0.0 Polearms
 + Level 0.0 Staves
 + Level 4.4 Ranged Weapons
 + Level 0.0 Throwing
 + Level 0.0 Armour
 + Level 0.0 Dodging
 + Level 4.0 Stealth
 + Level 0.0 Shields
 + Level 0.0 Unarmed Combat
 + Level 0.0 Spellcasting
 + Level 0.0 Conjurations
 + Level 0.0 Hexes
 + Level 0.0 Summonings
 + Level 0.0 Necromancy
 + Level 0.0 Translocations
 + Level 0.0 Transmutations
 + Level 0.0 Fire Magic
 + Level 0.0 Ice Magic
 + Level 0.0 Air Magic
 + Level 0.0 Earth Magic
 + Level 0.0 Poison Magic
 + Level 0.0 Invocations
 + Level 4.4 Evocations


You couldn't memorise any spells.
You didn't know any spells.
Your spell library was empty.

Dungeon Overview and Level Annotations

Branches:
Dungeon (1/15)

Altars:


Innate Abilities, Weirdness & Mutations

You have very sharp teeth.
Your uncanny sense of smell can sniff out nearby items.
Your experience applies equally to all skills.


Message History

Welcome, monsoonserge the Gnoll Wanderer.
Everyone else who sought the Orb of Zot has failed.
Will you be different?
Press ? for a list of commands and other information.
Found a staircase leading out of the dungeon.
You begin with the following items: a +2 sling, a +0 hand axe, a wand of polymorph (5), a scroll of fog, a +0 leather armour.
You don't know any spells.
Your library has no spells.
Your library has no spells.
You open the door.
There is an open door here.
Found a ring mail and 12 gold pieces.
A kobold comes into view. It is wielding a +0 whip.
Aiming: Polymorph
Press: ? - help, Q - select action, (/) - cycle Shift-Dir - straight line, f - kobold
Aim: a kobold, wielding a +0 whip and quivering stones (asleep, will become a ball python, a killer bee, or a jackal, chance to affect: 76%)
The kobold evaporates and reforms as a ball python!
Fire: a) +2 sling
Press: ? - help, Q - select action, (/) - cycle Shift-Dir - straight line, f/p - ball python
Aim: a ball python (55% to hit)
You shoot a sling bullet.
The sling bullet barely misses the ball python.
Fire: a) +2 sling
Press: ? - help, Q - select action, (/) - cycle Shift-Dir - straight line, f/p - ball python
Aim: a ball python (55% to hit)
You shoot a sling bullet.
The sling bullet barely misses the ball python.
Fire: a) +2 sling
Press: ? - help, Q - select action, (/) - cycle Shift-Dir - straight line, f/p - ball python
Aim: a ball python (55% to hit)
You shoot a sling bullet. The sling bullet hits the ball python.
You kill the ball python!
The kobold returns to its original shape as it dies.
Are you sure you want to abandon this character and quit the game? (Confirm with "yes".)

#... ##..#
+...########
#..##.....#
#...'..<..#
#..##.....#
#..########
#####..######
........@....#
..######.....#
#....[#
#.†...#
#.....#
#.....#
#...$.#
#...).# ∆


There were no monsters in sight!

Vanquished Creatures
  A ball python (D:1)
1 creature vanquished.

Notes
Turn   | Place    | Note
-------+----------+-------------------------------------------
     0 | D:1      | monsoonserge the Gnoll Wanderer began the quest for the
                  | Orb.
     0 | D:1      | monsoonserge set off with the following items: a +2 sling,
                  | a +0 hand axe, a wand of polymorph (5), a scroll of fog, a
                  | +0 leather armour.
     0 | D:1      | Reached XP level 1. HP: 17/17 MP: 1/1
    13 | D:1      | Quit the game

Illustrated notes

Levels and vault maps discovered:
D:1:      dpeg_arrival_rooms_a, layout_basic, chequers_ecumenical_altar_grove,
          minmay_misc_feat_more_columns

Action                     || total
---------------------------++-------
   Fire: Sling             ||     3
  Evoke: Wand              ||     1
